 Dungeon Crawl Stone Soup version 0.28-a0-425-gd0eccab798 (webtiles) character file.

Game seed: 16376418413735407650

1131 rogsnak the Conjurer (level 8, -1/54 HPs)
             Began as a Demonspawn Fire Elementalist on Sept 9, 2021.
             Was a Follower of Sif Muna.
             Slain by an orc warrior (14 damage)
             ... on level 6 of the Dungeon.
             The game lasted 00:09:49 (6913 turns).

rogsnak the Conjurer (Demonspawn Fire Elementalist) Turns: 6913, Time: 00:09:50

Health: -1/54      AC:  6    Str: 10    XL:     8   Next: 13%
Magic:  0/15       EV: 12    Int: 18    God:    Sif Muna [*.....]
Gold:   210        SH:  0    Dex: 13    Spells: 9/16 levels left

rFire   . . .      SeeInvis .   t - +2 falchion (vorpal)
rCold   . . .      Faith    .   (no shield)
rNeg    . . .      Spirit   .   a - +0 robe
rPois   .          Reflect  .   (no helmet)
rElec   .          Harm     .   n - +0 cloak
rCorr   .          Rampage  .   p - +0 pair of gloves
Will    .....                   (no boots)
Stlth   ++........              (no amulet)
HPRegen 0.18/turn               (no ring)
MPRegen 0.14/turn               (no ring)

@: no status effects
A: talons 2, slimy green scales 1, ignite blood 1, powered by pain 1
a: Renounce Religion, Channel Magic


You were on level 6 of the Dungeon.
You worshipped Sif Muna.
Sif Muna was aware of your devotion.
You visited 2 branches of the dungeon, and saw 7 of its levels.

You collected 210 gold pieces.

Inventory:

Hand Weapons
 h - a +0 club
 k - a +0 spear
 o - a +0 trident
 t - a +2 vorpal falchion (weapon)
Missiles
 c - 133 stones
 i - 63 arrows
 l - 29 poisoned darts
 u - 14 boomerangs
Armour
 a - a +0 robe (worn)
 n - a +0 cloak (worn)
 p - a +0 pair of gloves (worn)
 y - a +0 leather armour of fire resistance
 z - the +1 ring mail "Axton" {rCorr Str+3 Int-4 Slay+3}
   (You found it on level 4 of the Dungeon)

   Str:       It affects your strength (+3).
   Int:       It affects your intelligence (-4).
   Slay:      It affects your accuracy & damage with ranged weapons and melee
   (+3).
   rCorr:     It protects you from acid and corrosion.
Wands
 C - a wand of flame (21)
Scrolls
 b - 2 scrolls of summoning {unknown}
 d - 2 scrolls of immolation {unknown}
 e - 7 scrolls of identify {unknown}
 f - a scroll of vulnerability {unknown}
 j - 4 scrolls of teleportation {unknown}
 s - a scroll of brand weapon {unknown}
 v - a scroll of noise {unknown}
 w - a scroll of amnesia {unknown}
 x - a scroll of torment {unknown}
 A - a scroll of enchant weapon {unknown}
Potions
 g - a potion of brilliance {unknown}
 m - a potion of haste {unknown}
 q - a potion of heal wounds {unknown}
 r - 2 potions of curing {unknown}
 B - a potion of cancellation {unknown}
 D - 2 potions of resistance {unknown}


   Skills:
 + Level 1.4 Fighting
 + Level 3.0 Dodging
 - Level 1.7 Stealth
 + Level 4.7 Spellcasting
 * Level 5.6 Conjurations
 + Level 5.3 Fire Magic


You had 9 spell levels left.
You knew the following spells:

 Your Spells              Type           Power      Damage    Failure   Level
a - Foxfire               Conj/Fire      96%        2x1d8     1%          1
b - Scorch                Fire           46%        2d7       2%          2
c - Flame Wave            Conj/Fire      24%        3d6       14%         4

Your spell library contained the following spells:

 Spells                   Type           Power      Damage    Failure   Level
 Conjure Flame            Conj/Fire      24%        6-21      4%          3
 Inner Flame              Hex/Fire       14%        N/A       14%         3


Dungeon Overview and Level Annotations

Branches:
Dungeon (6/15)             Temple (1/1) D:4

Altars:
Hepliaklqana
Ru
Sif Muna
The Shining One

Shops:
D:2 (*[?*


Innate Abilities, Weirdness & Mutations

You have razor-sharp toenails.
You are partially covered in slimy green scales. (AC +2)
Your demonic aura sometimes causes spilled blood to erupt in flames.
You sometimes gain a little power by taking damage.


Message History

The foxfire hits the orc.
You kill the orc!
Sif Muna accepts your kill.
The orc warrior hits you with a +0 short sword.
Casting: Foxfire (safe; 1% risk of failure)
Confirm with . or Enter, or press ? or * to list all spells.
You don't know that spell.
Casting: Foxfire (safe; 1% risk of failure)
Confirm with . or Enter, or press ? or * to list all spells.
Flames lash the orc warrior but do no damage.
The orc warrior hits you with a +0 short sword!
* * * LOW HITPOINT WARNING * * *
Unknown command.
Press: ? - help, v - describe, . - travel
Here: an orc warrior, wielding a +0 short sword and wearing a +0 plate armour (heavily wounded)
The floor.
Unknown command.
Casting: Scorch (safe; 2% risk of failure)
Confirm with . or Enter, or press ? or * to list all spells.
You conjure some foxfire!
The foxfire hits the orc warrior.
The orc warrior is severely wounded.
Unknown command.
The foxfire hits the orc warrior.
The orc warrior is almost dead.
Casting: Foxfire (safe; 1% risk of failure)
Confirm with . or Enter, or press ? or * to list all spells.
You conjure some foxfire!
Unknown command.
You hit the orc warrior but do no damage.
The orc warrior is almost dead.
The foxfire hits the orc warrior but does no damage.
The orc warrior is almost dead.
The foxfire hits the orc warrior.
The orc warrior is almost dead.
The orc warrior closely misses you.
Casting: Foxfire (safe; 1% risk of failure)
Confirm with . or Enter, or press ? or * to list all spells.
You conjure some foxfire!
The orc warrior hits you with a +0 short sword!
You die...

##.....##..#.#.#..#.........
##..........#.###......###...
#..###........# ###...####..#
#..#.........####.....###.#.#
#...............#.........#.#
######....................#...#..
...##...........##........##.....
............)...##.........#.....
...##.[......##o@v........##..#..
#.......##....#..v............#..
.....>.....#<####..........##...#
.....#...###)#.#..........##....#
.....#...# #)......#......#....).
.....##o####)......##............
.....#..............####.........
#....#..>........................
.......####..........##.#........


You could see an orc warrior (ally target).

Vanquished Creatures
  A water moccasin (D:5)
  A black bear (D:6)
  2 sky beasts
  A phantom (D:5)
  A scorpion (D:5)
  A water moccasin skeleton (D:5)
  2 hounds
  A jelly (D:5)
  A centaur skeleton (D:4)
  A gnoll shaman (D:5)
  5 iguanas
  A scorpion zombie (D:5)
  A hound skeleton (D:5)
  A howler monkey zombie (D:6)
  9 gnolls
  2 howler monkey skeletons
  2 adders
  A white imp (D:6)
  An ufetubus (D:5)
  4 dart slugs
  21 orcs
  6 ball pythons
  3 bats
  8 endoplasms
  3 giant cockroaches
  9 hobgoblins
  2 kobolds
  2 quokkas
  3 frilled lizards
  3 goblins
  2 rats
101 creatures vanquished.

Vanquished Creatures (others)
  390 foxfires
390 creatures vanquished.

Grand Total: 491 creatures vanquished

Notes
Turn   | Place    | Note
-------+----------+-------------------------------------------
     0 | D:1      | rogsnak the Demonspawn Fire Elementalist began the quest
                  | for the Orb.
     0 | D:1      | Reached XP level 1. HP: 13/13 MP: 3/3
   178 | D:1      | Gained mutation: You have sharp toenails. [demonic
                  | ancestry]
   178 | D:1      | Reached XP level 2. HP: 14/19 MP: 1/5
   867 | D:2      | Found Bitiysu's Antique Weapon Shoppe.
   869 | D:2      | Found Hugazav's Assorted Antiques.
   885 | D:2      | Reached XP level 3. HP: 24/24 MP: 1/6
  1573 | D:2      | Found Irelets's Armour Boutique.
  1722 | D:2      | Found Moxud's Magic Scroll Emporium.
  1745 | D:2      | Found Xumeh's Assorted Antiques.
  1947 | D:2      | Gained mutation: Your demonic aura sometimes causes spilled
                  | blood to erupt in flames. [demonic ancestry]
  1947 | D:2      | Reached XP level 4. HP: 30/30 MP: 4/7
  2692 | D:3      | Learned a level 2 spell: Scorch
  2697 | D:3      | Learned a level 4 spell: Flame Wave
  3670 | D:4      | Gained mutation: You sometimes gain a little power by
                  | taking damage. [demonic ancestry]
  3670 | D:4      | Reached XP level 5. HP: 35/35 MP: 6/9
  4267 | D:4      | Identified the +1 ring mail "Axton" {rCorr Str+3 Int-4
                  | Slay+3}
  4378 | D:4      | Found a staircase to the Ecumenical Temple.
  4383 | Temple   | Entered the Ecumenical Temple
  4396 | Temple   | Became a worshipper of Sif Muna the Loreminder
  4441 | D:5      | Entered Level 5 of the Dungeon
  4512 | D:5      | Gained mutation: You have razor-sharp toenails. [demonic
                  | ancestry]
  4512 | D:5      | Reached XP level 6. HP: 33/42 MP: 7/10
  4577 | D:5      | Noticed a water moccasin
  4585 | D:5      | Killed a water moccasin
  4591 | D:5      | Reached skill level 1 in Fighting
  4930 | D:5      | Gained mutation: You are partially covered in slimy green
                  | scales. (AC +2) [demonic ancestry]
  4930 | D:5      | Reached XP level 7. HP: 48/48 MP: 9/12
  5580 | D:5      | Reached skill level 5 in Conjurations
  5824 | D:6      | Reached skill level 5 in Fire Magic
  5953 | D:6      | Reached * piety under Sif Muna
  6397 | D:6      | Reached XP level 8. HP: 54/54 MP: 9/14
  6913 | D:6      | Slain by an orc warrior

Illustrated notes

Levels and vault maps discovered:
D:1:      minmay_arrival_loop, layout_rooms
D:2:      layout_basic, serial_shops, nicolae_shop_trees, shop, shop,
          nicolae_shop_waterfront, shop
D:3:      layout_loops_ring
D:4:      layout_loops_ring, minmay_temple_entry_nine_rooms
D:5:      layout_basic, nicolae_tso_carved_into_rock, serial_rivers,
          chequers_serial_rivers_micro_c, chequers_serial_rivers_micro_d,
          chequers_serial_rivers_small_3, chequers_serial_rivers_room_a,
          minmay_misc_feat_tower
D:6:      layout_cave_pools, gammafunk_temple_overflow_claw
Temple:   nicolae_temple_god_jail

Skill      XL: |  1  2  3  4  5  6  7  8 |
---------------+-------------------------+-----
Fire Magic     | 3 4 5 |  5.3
Dodging        | 2 3 |  3.0
Conjurations   | 2 3 4 5 |  5.6
Spellcasting   | 3 4 |  4.7
Fighting       | 1 |  1.4
Stealth        | |  1.7

Action                   |  1- 3 |  4- 6 |  7- 9 || total
-------------------------+-------+-------+-------++-------
Melee: Unarmed           |     2 |       |       ||     2
       Spear             |     6 |     1 |       ||     7
       Falchion          |       |    30 |    18 ||    48
       Kick              |       |    10 |     7 ||    17
       Trident           |       |     5 |       ||     5
 Cast: Foxfire           |    57 |    97 |    78 ||   232
       Scorch            |       |     4 |    14 ||    18
 Stab: Sleeping          |       |     1 |       ||     1
Armor: Robe              |     1 |    20 |    13 ||    34
Dodge: Dodged            |     4 |    32 |    23 ||    59

Table legend: (Time is in decaauts)
 A = Elapsed time spent in this place.
 B = Non-inter-level travel time spent in this place.
 C = Inter-level travel time spent in this place.
 D = Time resting spent in this place.
 E = Time spent auto-exploring this place.
 F = Levels seen in this place.
 G = Mean time per level.
                   A        B        C        D        E       F      G
               +--------+--------+--------+--------+--------+-----+--------+
         Total |   6937 |   6764 |    173 |   1384 |   4404 |   7 |  991.0 |
       Dungeon |   6914 |   6741 |    173 |   1384 |   4400 |   6 | 1152.3 |
        Temple |     22 |     22 |      0 |      0 |      4 |   1 |   22.0 |
               +--------+--------+--------+--------+--------+-----+--------+

Top non-repeatable levels by time:
     D:5: 1820 daAuts
     D:4: 1428 daAuts
     D:2: 1419 daAuts
     D:1: 792 daAuts
     D:3: 784 daAuts
     D:6: 667 daAuts
  Temple: 22 daAuts
